Map: New Repugnancy LE

Players

Fel - Winner!

  • Race: Zerg Zerg
  • League: Diamond
  • Spawn Location: 1:00

QuikKilla

  • Race: Terran Terran
  • League: Diamond
  • Spawn Location: 7:00

VOD

Have the link to the VOD?

Description

Not a crisp clean build order but a good strategic overview for low diamond and high plat level players to look over to gain an idea.

Time

  • Played on: July 15, 2019, 8:32 p.m.
  • Length: 16:30
Show
View Real Time Build Order
Export as new Build Order

Fel Zerg - Winner!

Build Orders: Hatch First 

Get SALT Encoding   

  12  0:00  Drone  
  13  0:15  Overlord  
  13  0:17  Drone  
  14  0:34  Drone x2  
  16  0:38  Drone  
  17  0:55  Hatchery  
  16  0:58  Drone  
  16  1:01  Drone  
  18  1:12  Extractor  
  18  1:16  Spawning Pool  
  16  1:20  Drone  
  16  1:22  Drone  
  18  1:30  Drone  
  19  1:44  Drone  
  20  1:52  Overlord  
  20  2:13  Drone x2  
  22  2:16  Queen x2  
  22  2:18  Zergling x4  
  28  2:26  Zergling x2  
  29  2:32  Overlord  
  29  2:35  Overlord  
  29  2:36  Metabolic Boost  
  29  2:52  Drone x3  
  29  2:55  Queen x2  
  29  2:58  Drone  
  37  3:02  Drone  
  38  3:10  Drone  
  39  3:23  Drone x2  
  39  3:24  Hatchery  
  40  3:30  Drone x3  
  43  3:48  Drone  
  44  3:49  Overlord x2  
  44  4:02  Spore Crawler  
  43  4:04  Spore Crawler  
  43  4:05  Overlord x2  
  43  4:06  Drone x2  
  43  4:09  Drone x3  
  47  4:12  Drone  
  47  4:16  Drone  
  49  4:20  Lair  
  49  4:22  Drone  
  50  4:24  Queen  
  50  4:30  Drone x3  
  53  4:59  Baneling Nest  
  52  5:02  Evolution Chamber  
  52  5:04  Zergling x24  
  63  5:09  Spore Crawler  
  62  5:24  Drone  
  62  5:25  Drone x7  
  62  5:28  Zerg Ground Armor Level 1  
  69  5:32  Drone  
  69  5:33  Drone x2  
  72  5:36  Drone  
  72  5:41  Evolution Chamber  
  72  5:43  Overseer  
  72  5:45  Drone x5  
  77  5:55  Drone x4  
  81  6:01  Hatchery  
  80  6:08  Extractor  
  79  6:11  Drone  
  79  6:12  Overlord, Drone x2  
  79  6:13  Overlord x2  
  79  6:16  Overlord  
  79  6:18  Zerg Melee Weapons Level 1  
  82  6:22  Overlord x2  
  82  6:25  Overlord x3  
  77  6:35  Drone  
  77  6:36  Drone x5  
  77  6:37  Queen x3  
  89  6:52  Extractor  
  89  6:53  Extractor  
  87  6:57  Extractor  
  87  6:59  Extractor  
  85  7:07  Drone  
  85  7:08  Drone x6  
  89  7:13  Queen x3  
  93  7:19  Zergling x2  
  93  7:20  Queen, Drone x8  
  101  7:30  Zerg Ground Armor Level 2  
  101  7:46  Drone, Spore Crawler  
  101  7:48  Queen  
  101  7:49  Queen x2  
  107  7:57  Zergling x12, Spire  
  107  7:58  Zergling x8  
  112  8:01  Queen  
  105  8:06  Spore Crawler  
  105  8:08  Spore Crawler  
  99  8:23  Zerg Melee Weapons Level 2  
  99  8:24  Queen x3, Drone  
  99  8:25  Drone x2  
  94  8:30  Infestation Pit  
  88  8:36  Queen  
  86  8:48  Baneling x14  
  86  8:49  Zergling x6  
  86  8:50  Zergling x22  
  86  8:53  Drone  
  93  8:57  Spore Crawler  
  93  9:00  Queen x2  
  98  9:07  Spore Crawler  
  93  9:11  Hive  
  93  9:12  Queen  
  76  9:28  Drone x5  
  76  9:29  Drone x11  
  82  9:36  Queen x2, Hatchery  
  82  9:54  Drone  
  82  9:55  Drone x9  
  92  10:05  Pathogen Glands  
  92  10:06  Zerg Missile Weapons Level 1  
  92  10:09  Spire, Drone x5  
  96  10:24  Infestor  
  96  10:25  Infestor x2  
  96  10:27  Overlord x2  
  100  10:39  Spore Crawler  
  89  10:57  Queen x4  
  89  10:58  Queen  
  98  11:16  Drone  
  98  11:17  Drone x11  
  110  11:33  Queen  
  110  11:38  Ultralisk Cavern  
  111  11:41  Zerg Melee Weapons Level 3  
  111  11:42  Adrenal Glands  
  111  11:49  Extractor  
  111  11:50  Extractor  
  111  11:52  Extractor  
  111  11:53  Extractor  
  107  11:55  Greater Spire  
  107  11:58  Neural Parasite  
  107  12:00  Corruptor x5  
  117  12:02  Zergling x26  
  126  12:28  Drone  
  126  12:29  Drone x12  
  137  12:45  Chitinous Plating  
  137  12:47  Zerg Ground Armor Level 3  
  137  13:03  Drone x2  
  145  13:05  Ultralisk  
  145  13:06  Overlord  
  145  13:07  Overlord x4  
  145  13:14  Overlord x3  
  145  13:18  Centrifical Hooks  
  145  13:20  Hatchery, Zerg Flyer Weapons Level 1  
  145  13:25  Ultralisk x3  
  145  13:26  Ultralisk x2  
  175  13:27  Zergling x22  
  181  14:02  Zergling x2  
  181  14:03  Zergling x36  
  181  14:04  Anabolic Synthesis  
  175  14:55  Zergling x2  
  175  14:56  Zergling x18  
  149  15:23  Brood Lord x5  
  149  15:25  Zergling x22  
  149  15:26  Zergling x8  
  164  15:39  Zergling x4, Ultralisk  
  164  15:40  Ultralisk x5  
  198  15:56  Corruptor  
Show
View Real Time Build Order
Export as new Build Order

QuikKilla Terran 

Build Orders: Mech 

Get SALT Encoding   

  12  0:01  SCV  
  13  0:13  SCV  
  14  0:24  Supply Depot  
  14  0:25  SCV  
  15  0:31  Refinery  
  15  0:45  SCV  
  16  0:50  Barracks  
  16  0:57  SCV  
  17  1:09  SCV  
  18  1:22  SCV  
  19  1:38  Marine  
  20  1:41  Ghost Academy  
  20  1:44  Orbital Command  
  20  1:48  Refinery  
  20  1:58  Supply Depot  
  20  2:17  Barracks Tech Lab  
  20  2:27  Command Center  
  20  2:35  Ghost  
  22  2:44  Factory  
  22  2:48  SCV  
  23  3:00  SCV  
  23  3:05  Ghost  
  26  3:12  SCV  
  27  3:24  SCV  
  28  3:27  Factory Tech Lab  
  28  3:34  Ghost  
  28  3:35  Refinery  
  28  3:37  SCV  
  29  3:49  SCV  
  30  3:55  Orbital Command  
  30  4:01  Refinery, SCV  
  31  4:04  Ghost  
  33  4:13  SCV  
  33  4:15  Siege Tank  
  37  4:21  SCV  
  37  4:23  Supply Depot  
  38  4:25  SCV  
  39  4:33  SCV  
  39  4:34  Starport  
  40  4:52  Engineering Bay  
  40  4:56  SCV  
  40  4:57  SCV  
  42  5:02  Supply Depot  
  42  5:04  Siege Tank  
  45  5:08  SCV  
  45  5:09  SCV  
  45  5:11  Fusion Core  
  45  5:13  Medivac  
  49  5:21  SCV x2  
  50  5:22  Supply Depot  
  51  5:29  Starport  
  51  5:36  Ghost  
  51  5:41  SCV x2  
  55  5:45  Starport Tech Lab  
  55  5:55  SCV  
  57  5:57  SCV  
  57  6:00  Supply Depot  
  57  6:01  Supply Depot  
  57  6:06  Battlecruiser  
  57  6:07  Starport Tech Lab  
  63  6:39  SCV  
  64  6:42  Battlecruiser, Siege Tank  
  64  6:43  SCV  
  74  6:50  Command Center  
  74  6:51  SCV  
  73  7:26  SCV  
  73  7:27  Siege Tank  
  73  7:29  Battlecruiser  
  77  7:30  SCV  
  78  7:37  Factory  
  78  7:38  SCV  
  78  7:39  Factory  
  78  7:42  Engineering Bay, SCV  
  80  7:50  SCV  
  81  7:54  SCV  
  81  7:55  Marine  
  83  8:13  Marine  
  84  8:21  Siege Tank  
  84  8:23  Factory Tech Lab  
  84  8:24  Factory Tech Lab  
  84  8:26  Factory  
  87  8:28  Factory  
  87  8:39  Weapon Refit  
  87  8:40  SCV x2  
  89  8:52  SCV  
  91  9:19  Siege Tank  
  91  9:24  Siege Tank  
  91  9:26  Supply Depot  
  80  9:34  Barracks  
  80  9:36  SCV  
  81  9:42  Siege Tank  
  84  9:48  SCV  
  84  9:49  Medivac  
  84  9:50  Medivac  
  84  9:51  Siege Tank, Factory Tech Lab  
  84  9:52  Factory Tech Lab  
  92  9:56  SCV, Armory  
  92  9:57  Armory  
  93  10:03  SCV  
  94  10:08  SCV  
  95  10:23  Refinery  
  95  10:24  Refinery  
  95  10:25  Hellion x3  
  101  11:02  Hellion  
  97  11:07  SCV  
  98  11:14  Planetary Fortress  
  98  11:16  Thor  
  100  11:25  Hellion  
  100  11:27  Infernal Pre-Igniter  
  100  11:32  Hellion, Thor  
  108  11:33  Supply Depot  
  108  11:34  Supply Depot  
  108  11:35  Supply Depot  
  108  11:37  Supply Depot  
  108  11:44  Barracks Tech Lab  
  108  11:48  Hellion  
  109  11:55  Hellion, Thor  
  109  11:57  Supply Depot  
  109  11:59  Hellion, Supply Depot  
  109  12:00  Supply Depot  
  119  12:06  SCV  
  120  12:09  Thor  
  120  12:13  Command Center  
  120  12:15  Thor  
  128  12:27  SCV  
  121  12:31  SCV  
  121  12:33  SCV  
  123  12:38  Hellion x2  
  127  12:51  Thor  
  127  12:52  Hellion  
  127  12:53  SCV x2  
  127  12:57  Terran Ship Weapons Level 1, Command Center, Terran Vehicle Weapons Level 1  
  137  13:07  Hellion x3  
  137  13:11  SCV  
  137  13:12  Factory  
  144  13:16  SCV  
  144  13:17  SCV  
  146  13:23  Missile Turret, SCV  
  146  13:26  Missile Turret  
  147  13:32  Liberator x2  
  137  13:45  Thor  
  143  13:49  Thor  
  143  13:50  Thor  
  143  13:51  Thor  
  143  13:53  Siege Tank  
  170  13:56  SCV x2  
  172  14:13  Command Center  
  172  14:18  Refinery x2  
  172  14:22  Planetary Fortress  
  172  14:25  Siege Tank  
  175  14:34  Hellion x2  
  179  14:47  Factory Tech Lab  
  79  15:15  Thor  
  79  15:16  Thor x2  
  100  15:25  SCV  
  92  15:30  Viking x2  
  92  15:31  SCV  
  85  15:47  Supply Depot  
  86  15:52  SCV  
  79  16:00  Viking x2  
Tags
 
Composition
Mech
Matchup
TvZ
Spawn Locations
Cross Positions
Add a new tag
Caveats
  • Supply blocks, unpowered buildings, or Contaminate may cause inaccurate times.
  • Supply counts are checked every 10 seconds.